 Dungeon Crawl Stone Soup version 0.28-a0-973-ga7f8b01127 (webtiles) character file.

Game seed: 2897195534695662259

24 spiderkeys the Ducker (level 2, -2/16 HPs)
             Began as a Spriggan Abyssal Knight on Dec 2, 2021.
             Was a Follower of Lugonu.
             Slain by a quokka (4 damage)
             ... on level 2 of the Dungeon.
             The game lasted 00:05:09 (2118 turns).

spiderkeys the Ducker (Spriggan Abyssal Knight)     Turns: 2118, Time: 00:05:10

Health: -2/16      AC:  2    Str:  9    XL:     2   Next: 79%
Magic:  4/4        EV: 18    Int: 11    God:    Lugonu [*.....]
Gold:   48         SH:  0    Dex: 15    Spells: 1/1 levels left

rFire   . . .      SeeInvis +   a - +1 short sword
rCold   . . .      Faith    .   (shield restricted)
rNeg    . . .      Spirit   .   b - +0 robe
rPois   +          Reflect  .   (helmet restricted)
rElec   .          Harm     .   (no cloak)
rCorr   .          Rampage  .   (gloves unavailable)
Will    .....                   (boots unavailable)
Stlth   ++........              (no amulet)
HPRegen 0.05/turn               P - ring of poison resistance
MPRegen 0.09/turn               (no ring)

@: very quick
A: very small, no large weapons, unfitting armour, see invisible, speed 3
a: Renounce Religion, Depart the Abyss


You were on level 2 of the Dungeon.
You worshipped Lugonu.
Lugonu was aware of your devotion.
You visited 1 branch of the dungeon, and saw 2 of its levels.
You visited the Abyss 1 time.

You collected 48 gold pieces.


Innate Abilities, Weirdness & Mutations

You are very small and have problems with some larger weapons.
You are too small for most types of armour.
You have supernaturally acute eyesight. (SInv)
You cover ground extremely quickly. (Speed+++)


   Skills:
 + Level 2.6 Fighting
 + Level 2.5 Short Blades
 + Level 3.5 Dodging
 + Level 1.6 Stealth
 + Level 2.1 Invocations
 - Level 0.2 Evocations


You had one spell level left.
You didn't know any spells.
Your spell library was empty.

Inventory:

Hand Weapons
 a - a +1 short sword (weapon)
 i - a +1 dagger of holy wrath
   (You took it off a goblin on level 1 of the Dungeon)
Missiles
 c - 33 stones
 d - 25 bolts
Armour
 b - a +0 robe (worn)
Jewellery
 P - a ring of poison resistance (left hand)
   (You found it on level 2 of the Abyss)
Scrolls
 e - a scroll of fear {unknown}
 g - a scroll of teleportation {unknown}
 h - a scroll of enchant armour {unknown}
Potions
 f - a potion of haste {@q3}

Dungeon Overview and Level Annotations

Branches:
Dungeon (2/15)

Altars:

##.## # #...# ..
#...# #.###
#..>#######
....###.....>...#
#.##.........?.#.#.
#..................
#.r@........#.#
#.###......(..# ..
#...####### ##
#...# #<..# ##.##
#.# #.# #†#


You could see a quokka.


Message History

A frilled lizard comes into view.
A frilled lizard is nearby!
A frilled lizard is nearby!
A hobgoblin comes into view.
The frilled lizard barely misses you.
You miss the frilled lizard.
The frilled lizard completely misses you.
You barely miss the frilled lizard. The frilled lizard bites you. 😕 HP[-2]
You take 2 damage, and now have 14/16 hp.
You hit the frilled lizard.
You kill the frilled lizard!
Lugonu accepts your kill.
You barely miss the hobgoblin.
The hobgoblin hits you but does no damage.
You hit the hobgoblin but do no damage. The hobgoblin barely misses you.
You barely miss the hobgoblin. The hobgoblin completely misses you.
You barely miss the hobgoblin. The hobgoblin closely misses you.
You hit the hobgoblin. The hobgoblin completely misses you.
You barely miss the hobgoblin. The hobgoblin closely misses you.
You hit the hobgoblin.
You kill the hobgoblin!
Lugonu accepts your kill.
No target in view!
You see here a +0 dagger.
Key pressed, stopping explore.
A goblin comes into view.
It is wielding a +1 dagger of holy wrath.
You see here a +0 scale mail. 😎 HP[+2]
Your hp is fully restored (16).
A goblin is nearby!
You hit the goblin. The goblin closely misses you.
You closely miss the goblin. The goblin misses you.
You hit the goblin.
You kill the goblin!
Lugonu accepts your kill.
No target in view!
No target in view!
Things that are here:
a +1 dagger of holy wrath; a goblin corpse
i - a +1 dagger of holy wrath
Okay, then.
Found an escape hatch in the floor.
There is an escape hatch in the floor here.
There is an escape hatch in the floor here.
Found a stone staircase leading down.
There is a stone staircase leading down here.
You now have 48 gold pieces (gained 11).
You see here a +0 scale mail.
You see here a +0 scale mail.
There is a stone staircase leading down here.
Things that are here:
a quokka corpse; a frilled lizard corpse You enter the shallow water.
Moving in this stuff is going to be slow.
Things that are here:
a quokka corpse; a frilled lizard corpse You see here a +0 dagger.
Partly explored, can't reach some items and places.
Partly explored, can't reach some items and places.
There is an escape hatch in the floor here.
There is a stone staircase leading down here.
You climb downwards.
Found a scroll labelled GYUVUCSUELI.
Found a stone staircase leading down.
There is a stone staircase leading up here.
The helpless frilled lizard fails to defend itself.
You puncture the frilled lizard!
You kill the frilled lizard!
Lugonu accepts your kill.
No target in view!
Found a stone staircase leading down.
A quokka comes into view.
A quokka is nearby!
A quokka is nearby!
You closely miss the quokka. The quokka completely misses you.
You hit the quokka.
The quokka bites you but does no damage.
You hit the quokka. The quokka bites you. 😕 HP[-2]
You take 2 damage, and now have 14/16 hp.
You hit the quokka but do no damage. The quokka bites you. 😮 HP[-5]
You take 5 damage, and now have 9/16 hp.
MASSIVE DAMAGE!! (PAUSE) Unknown command.
You hit the quokka. The quokka bites you.
* * * LOW HITPOINT WARNING * * *
😨 HP[-2]
You take 2 damage, and now have 7/16 hp.
You closely miss the quokka. The quokka misses you. The quokka bites you.
* * * LOW HITPOINT WARNING * * *
😨 HP[-1]
You take 1 damage, and now have 6/16 hp.
You miss the quokka. The quokka bites you.
* * * LOW HITPOINT WARNING * * *
😱 HP[-4]
You take 4 damage, and now have 2/16 hp.
MASSIVE DAMAGE!! (PAUSE)
You miss the quokka. The quokka bites you.
You die...

Skill      XL: |  1 |
---------------+----+-----
Stealth        | 1 |  1.6
Invocations    | 2 |  2.1
Fighting       | |  2.6
Short Blades   | |  2.5
Dodging        | |  3.5
Evocations     | |  0.2

Action                   || total
-------------------------++-------
Melee: Short sword       ||    78
Evoke: Wand              ||     3
  Use: Scroll            ||     2
       Potion            ||     1
 Stab: Sleeping          ||     3
Armor: Robe              ||     8
Dodge: Dodged            ||    58

Levels and vault maps discovered:
D:1:      kilobyte_arrival_exit_the_forest, layout_basic, lemuel_flame_loot_1
D:2:      layout_loops_cross, hellmonk_ecumenical_altar_arch_garden,
          minmay_misc_feat_iff

Notes
Turn   | Place    | Note
-------+----------+-------------------------------------------
     0 | Abyss:1  | spiderkeys the Spriggan Abyssal Knight began the quest for
                  | the Orb.
     0 | Abyss:1  | Reached XP level 1. HP: 11/11 MP: 3/3
     0 | Abyss:1  | magus.rc [v1.9.10]
    37 | Abyss:1  | Found a corrupted altar of Lugonu.
   278 | Abyss:2  | Found a corrupted altar of Lugonu.
   305 | Abyss:2  | Found a hazy altar of Hepliaklqana.
   310 | Abyss:2  | Noticed a white draconian
   312 | Abyss:2  | Noticed a tentacled starspawn
   314 | Abyss:2  | Noticed a raiju
   316 | Abyss:2  | Noticed a large abomination
   318 | Abyss:2  | Noticed a raiju
   320 | Abyss:2  | Noticed a starcursed mass
   323 | Abyss:2  | Noticed a raiju
   325 | Abyss:2  | Noticed a spatial vortex
   328 | Abyss:2  | Noticed a spatial vortex
   328 | Abyss:2  | Noticed a spatial vortex
   328 | Abyss:2  | Noticed a spatial vortex
   328 | Abyss:2  | Noticed a spatial vortex
   329 | Abyss:2  | Noticed a spatial vortex
   343 | Abyss:2  | Noticed a small abomination
   346 | Abyss:2  | Noticed a vampire mage
   353 | Abyss:2  | Noticed a wretched star
   377 | Abyss:2  | Noticed a large abomination
   412 | Abyss:2  | Noticed an apocalypse crab
   497 | Abyss:2  | Noticed a raiju
   497 | Abyss:2  | Noticed a starcursed mass
   523 | Abyss:2  | Noticed a small abomination
   526 | Abyss:2  | Noticed a smoke demon
   541 | Abyss:2  | Noticed a wretched star
   544 | Abyss:2  | Noticed a quasit
   623 | Abyss:2  | Noticed an orange demon
   673 | Abyss:2  | Noticed a large abomination
   783 | D:1      | You pass through the gate.
   783 | D:1      | Escaped the Abyss
  1162 | D:1      | HP: 2/11 [dart slug/slug dart (2)]
  1170 | D:1      | Reached skill level 1 in Stealth
  1170 | D:1      | Reached skill level 2 in Invocations
  1170 | D:1      | Reached XP level 2. HP: 3/16 MP: 4/4
  2117 | D:2      | HP: 2/16 [quokka (4)]
  2118 | D:2      | Slain by a quokka

Vanquished Creatures
  2 dart slugs (D:1)
  A giant cockroach (D:1)
  2 goblins (D:1)
  2 hobgoblins (D:1)
  2 jackals (D:1)
  A quokka (D:1)
  A ball python (D:1)
  4 bats (D:1)
  4 frilled lizards
  A kobold (D:1)
  A rat (D:1)
21 creatures vanquished.

Vanquished Creatures (others)
  A jackal (D:1)
  A kobold (D:1)
  2 starspawn tentacles (Abyss:2)
4 creatures vanquished.

Grand Total: 25 creatures vanquished

Table legend:
 A = Non-vault XP
 B = Vault XP
 C = Vault XP percentage of total XP
 D = Non-vault monster count
 E = Vault monster count
 F = Vault count percentage of total count
                 A         B        C        D         E       F
            +---------+---------+-------+---------+---------+-------
      Total |      35 |       0 |   0.0 |      21 |       0 |   0.0
            +---------+---------+-------+---------+---------+-------
        D:1 |      34 |       0 |   0.0 |      20 |       0 |   0.0
        D:2 |       1 |       0 |   0.0 |       1 |       0 |   0.0
            +---------+---------+-------+---------+---------+-------

Illustrated notes

Table legend:
 A = Kills in this place as a percentage of kills in entire the game.
 B = Kills by you in this place as a percentage of kills by you in the entire game.
 C = Kills by friends in this place as a percentage of kills by friends in the entire game.
 D = Other kills in this place as a percentage of other kills in the entire game.
 E = Experience gained in this place as a percentage of experience gained in the entire game.
 F = Experience gained in this place divided by the number of levels of this place that you have seen.
                   A       B       C       D       E      F
               +-------+-------+-------+-------+-------+----------------------
         Total | 100.0 | 100.0 |   N/A |   N/A | 100.0 |   8.8
       Dungeon | 100.0 | 100.0 |   N/A |   N/A | 100.0 |  17.5
               +-------+-------+-------+-------+-------+----------------------

Table legend: (Time is in decaauts)
 A = Elapsed time spent in this place.
 B = Non-inter-level travel time spent in this place.
 C = Inter-level travel time spent in this place.
 D = Time resting spent in this place.
 E = Time spent auto-exploring this place.
 F = Levels seen in this place.
 G = Mean time per level.
                   A        B        C        D        E       F      G
               +--------+--------+--------+--------+--------+-----+--------+
         Total |   1583 |   1572 |     11 |      0 |   1293 |   4 |  395.8 |
       Dungeon |   1053 |   1042 |     11 |      0 |    910 |   2 |  526.5 |
         Abyss |    530 |    530 |      0 |      0 |    383 |   2 |  265.0 |
               +--------+--------+--------+--------+--------+-----+--------+

Top non-repeatable levels by time:
     D:1: 1035 daAuts
 Abyss:2: 362 daAuts
 Abyss:1: 168 daAuts
     D:2: 17 daAuts
